Unix NetHack Version 5.0.0-0 post-release - last build Jul 14 2026 02:55:29 (1809b74e8187c3a3585e283601c3028b46cbbdcb,branch:main).

Game began 2026-07-17 01:45:25, ended 2026-07-17 02:01:18.

IanCurtis, chaotic male elven Wizard

                                ----   --------
                                |??-----......|
                                |.....^.......|
                                |^------..%...|
                                |^|    |.....%|
                                |^|------.----|
                                |^||....|.`...|
                                |^||.```|S.``.|
                                |^|-....@.....|
                                |<|>...---....|
                                -------- ------

IanCurtis the Conjurer    St:12 Dx:13 Co:10 In:16 Wi:13 Ch:12  Chaotic
Dlvl:6  $:69 HP:0(24) Pw:41(46) AC:7  Xp:4 T:2022  Burdened

Latest messages:
 You hear a boulder fall.
 With great effort you move the boulder.
 With great effort you move the boulder.
 The boulder suddenly rolls away from you!
 You hear a boulder fall.
 Click!  You trigger a rolling boulder trap!
 No boulder was released.
 Air currents pull you down into a pit!
 There is a pit here.
 You see here a moonstone ring.
 You have a little trouble lifting Q - a moonstone ring.
 You are still in a pit.
 You crawl to the edge of the pit.
 Click!  You trigger a rolling boulder trap!
 No boulder was released.
 With great effort you move the boulder.
 With great effort you move the boulder.
 The boulder suddenly rolls away from you!
 You hear a boulder fall.
 With great effort you move the boulder.
 With great effort you move the boulder.
 The boulder suddenly rolls away from you!
 You hear a boulder fall.
 With great effort you move the boulder.
 You see here a rabid rat corpse.
 With great effort you move the boulder.
 The boulder suddenly rolls away from you!
 You hear a boulder fall.
 Click!  You trigger a rolling boulder trap!
 No boulder was released.
 You see here a rabid rat corpse.
 Click!  You trigger a rolling boulder trap!
 No boulder was released.
 (For instructions type a '?')
 Call a scroll labeled STRC PRST SKRZ KRK: earth
 You escape a rolling boulder trap.
 With great effort you move the boulder.
 With great effort you move the boulder.
 You are carrying too much to get through.
 The snake bites!
 The snake's bite was poisoned!
 The snake bites!
 The snake bites!
 What do you want to zap? [cFLO or ?*] ?
 In what direction? h
 The snake vanishes!
 The snake bites!
 The snake bites!
 You die...
 Do you want your possessions identified? [ynq] (y) q

Inventory:
 Coins    ('$')
  $ - 69 gold pieces
 Weapons  (')')
  a - a blessed +1 quarterstaff (weapon in hands)
 Armor    ('[')
  v - an uncursed +0 orcish helm (being worn)
  C - an uncursed +0 pair of gauntlets of dexterity (being worn)
  b - an uncursed +0 cloak of magic resistance (being worn)
 Comestibles  ('%')
  N - an uncursed clove of garlic
  P - an uncursed food ration
  x - 3 uncursed tripe rations
  M - an uncursed lichen corpse
 Scrolls  ('?')
  z - a blessed scroll of identify
  A - an uncursed scroll of light
  h - a blessed scroll of scare monster
  B - an uncursed scroll of scare monster
  o - a cursed scroll of stinking cloud
  i - an uncursed scroll of teleportation
 Spellbooks  ('+')
  k - a blessed spellbook of force bolt
  l - a blessed spellbook of stone to flesh
 Potions  ('!')
  p - an uncursed potion of confusion
  t - an uncursed potion of extra healing
  s - 2 uncursed potions of gain energy
  g - 6 uncursed potions of healing
  I - 2 cursed potions of healing
  f - a blessed potion of invisibility
  q - an uncursed potion of levitation
  u - an uncursed potion of sickness
 Rings    ('=')
  d - an uncursed ring of cold resistance
  e - an uncursed ring of poison resistance
  Q - an uncursed ring of regeneration
 Wands    ('/')
  L - a wand of locking (0:7)
  O - a blessed wand of probing (0:6)
  c - a wand of teleportation (0:5)
  F - a wand of teleportation (0:4)
 Tools    ('(')
  n - an uncursed bugle
  m - a magic marker (0:22)

IanCurtis the Wizard's attributes:

Background:
 You were a Conjurer, a level 4 male elven Wizard.
 You were chaotic, on a mission for Anhur
 who was opposed by Ptah (lawful) and Thoth (neutral).
 You were right-handed.
 You were in Sokoban, on level 6.
 You entered the dungeon 2022 turns ago.
 It was nighttime.
 There was a new moon in effect when your adventure ended.
 You had 129 experience points, 31 more were needed to attain level 5.

Basics:
 You had 0 out of 24 hit points.
 You had 41 out of 46 energy points (spell power).
 Your armor class was 7.
 Your wallet contained 69 zorkmids.
 Autopickup was off.

Final Characteristics:
 Your strength was 12 (limit:18).
 Your dexterity was 13 (limit:18).
 Your constitution was 10 (limit:16).
 Your intelligence was 16 (limit:20).
 Your wisdom was 13 (limit:20).
 Your charisma was 12 (limit:18).

Final Status:
 You weren't hungry.
 You were burdened; movement was slightly slowed.
 You were wielding a quarterstaff.
 You had basic skill with quarterstaff.

Final Attributes:
 You were devoutly aligned.
 You were magic-protected.
 You were sleep resistant.
 You were telepathic.
 You had infravision.
 You were warded.
 You are dead.

Miscellaneous:
 You didn't encounter any bones levels.
 Total elapsed playing time was 15 minutes and 53 seconds.

Major events:
 Turn
    1: IanCurtis the chaotic male elven Wizard entered the dungeon
    5: performed his first genocide (class L)
 1104: attained the rank of Conjurer (level 3)
 1775: entered Sokoban
 2022: killed by a snake

Spells:
 Name                 Level Category     Fail Retention
 force bolt             1   attack         0%   81%-90%
 stone to flesh         3   healing      100%  76%-100%

Skills:
 Fighting Skills
   bare handed combat [Unskilled]
   riding             [Unskilled]
 Weapon Skills
   dagger             [Unskilled]
   knife              [Unskilled]
   axe                [Unskilled]
   short sword        [Unskilled]
   club               [Unskilled]
   mace               [Unskilled]
   quarterstaff       [Basic]
   polearms           [Unskilled]
   spear              [Unskilled]
   trident            [Unskilled]
   sling              [Unskilled]
   dart               [Unskilled]
   shuriken           [Unskilled]
 Spellcasting Skills
   attack spells      [Basic]
   healing spells     [Unskilled]
   divination spells  [Unskilled]
   enchantment spells [Basic]
   clerical spells    [Unskilled]
   escape spells      [Unskilled]
   matter spells      [Unskilled]

Voluntary challenges:
 Character rerolling was not enabled.
 You genocided 4 types of monsters.
 You never polymorphed an object.
 You never changed form.
 You used no wishes.
 You did not violate any of the special Sokoban rules.
Achievements:
 You entered a shop.
 You attained the rank of Conjurer.
 You entered Sokoban.

 The Dungeons of Doom: levels 1 to 7
    Level 1:
       A fountain.
    Level 2: "very large shop"
       A potion shop.
    Level 3:
       A grave.
    Level 4:
       A fountain.
    Level 5:
       Many altars.
    Level 6:
    Level 7:
       Stairs up to Sokoban, level 6.
 Sokoban:
    Level 6: <- You were here.
       Unsolved.
       Final resting place for
          you, killed by a snake.


Vanquished creatures:
  a shrieker
  a guardian naga hatchling
  3 floating eyes
  a kitten
  a rothe
  a rabid rat
  2 wererats
 an iguana
 an acid blob
  a coyote
  a hobgoblin
  2 geckos
  2 jackals
  a fox
  a goblin
  3 grid bugs
  2 lichens
  a kobold zombie
  3 newts
29 creatures vanquished.

Genocided species:
 arch-liches
 master liches
 demiliches
 liches
4 species genocided.

Game over:
                       ----------
                      /          \
                     /    REST    \
                    /      IN      \
                   /     PEACE      \
                  /                  \
                  |    IanCurtis     |
                  |      69 Au       |
                  |   killed by a    |
                  |      snake       |
                  |                  |
                  |                  |
                  |       2026       |
                 *|     *  *  *      | *
        _________)/\\_//(\/(/\)/\//\/|_)_______

Goodbye IanCurtis the Wizard...

You died in Sokoban on dungeon level 6 with 879 points,
and 69 pieces of gold, after 2022 moves.
You were level 4 with a maximum of 24 hit points when you died.

